 Dungeon Crawl Stone Soup version 0.24-a0-640-ge7cd8ce (webtiles) character file.

Game seed: 4066019924218377376, levelgen mode: deterministic

1624 COBRA the Cleaver (level 8, 0/73 HPs)
             Began as a Minotaur Fighter on Sept 23, 2019.
             Was a Follower of Okawaru.
             Slain by a phantom (8 damage)
             ... on level 8 of the Dungeon.
             The game lasted 00:13:57 (2428 turns).

COBRA the Cleaver (Minotaur Fighter)                Turns: 2428, Time: 00:13:57

Health: 0/73       AC:  8    Str: 26    XL:     8   Next: 65%
Magic:  11/11      EV:  7    Int:  8    God:    Okawaru [*.....]
Gold:   166        SH: 10    Dex: 14    Spells: 7/7 levels left

rFire    . . .     SeeInvis .   a - +0 war axe
rCold    . . .     Gourm    .   c - +0 shield
rNeg     . . .     Faith    .   b - +0 scale mail
rPois    .         Spirit   .   (helmet restricted)
rElec    .         Reflect  .   (no cloak)
rCorr    .         Harm     .   (no gloves)
MR       .....                  j - +0 pair of boots
Stlth    ..........             (no amulet)
HPRegen  0.22/turn              (no ring)
MPRegen  0.12/turn              (no ring)

@: mighty, brilliant
A: retaliatory headbutt, horns 2, agile 1, dopey 1, wild magic 1
a: Heroism, Renounce Religion


You were on level 8 of the Dungeon.
You worshipped Okawaru.
Okawaru was aware of your devotion.
You were not hungry.

You visited 2 branches of the dungeon, and saw 10 of its levels.

You collected 166 gold pieces.

Inventory:

Hand Weapons
 a - a +0 war axe (weapon)
Missiles
 r - 4 javelins (quivered)
Armour
 b - a +0 scale mail (worn)
 c - a +0 shield (worn)
 j - a +0 pair of boots (worn)
 k - a cursed +0 ring mail
 o - a +0 large shield
Jewellery
 n - an uncursed ring of fire
Scrolls
 e - 3 scrolls of remove curse
 h - a scroll of amnesia
 i - 4 scrolls of blinking
 l - 4 scrolls of enchant weapon
Potions
 d - a potion of might
 m - a potion of flight
Comestibles
 f - 5 rations


   Skills:
 - Level 7.1 Fighting
 - Level 9.5 Axes
 - Level 3.6 Armour
 - Level 3.6 Shields
 * Level 5.8 Invocations


You had 7 spell levels left.
You didn't know any spells.
Your spell library contained the following spells:

 Spells                   Type           Power        Failure   Level  Hunger
 Apportation              Tloc           #.....       43%         1    ##.....
 Summon Butterflies       Summ           #.......     43%         1    ##.....
 Lesser Beckoning         Tloc           #.........   75%         3    ####...
 Tukima's Dance           Hex            #.......     75%         3    ####...
 Alistair's Intoxication  Tmut/Pois      #.......     100%        5    ######.
 Invisibility             Hex            #.......     100%        6    #######


Dungeon Overview and Level Annotations

Branches:
Dungeon (9/15)             Temple (1/1) D:4
   Lair: D:8-11         Orc: D:9-12

Altars:
Ashenzari
Cheibriados
Dithmenos
Elyvilon
Gozag
Hepliaklqana
Kikubaaqudgha
Makhleb
Nemelex Xobeh
Okawaru
Qazlal
Ru
Sif Muna
Trog
Uskayaw
Vehumet
Wu Jian
Xom
Yredelemnul
Zin
The Shining One

Shops:
D:5 (   D:8 =

Annotations:
D:4 3 runed translucent doors, heikuro's ghost, amateur MfGl
D:5 2 runed translucent doors, kd29's ghost, novice DrSk
D:8 exclusion: downstairs


Innate Abilities, Weirdness & Mutations

You reflexively headbutt those who attack you in melee.
You have a pair of horns on your head.
You are agile. (Dex +2)
You are dopey. (Int -2)
Your spells are a little harder to cast, but a little more powerful.


Message History

Unknown command.
You see here a bullfrog corpse.
You butcher the bullfrog corpse.
The phantom blinks!
Things that are here:
2 chunks of flesh; a bullfrog skeleton Eat one of 2 chunks of flesh? (ye/n/q)
You eat one of the 2 chunks of flesh.
This raw flesh tastes terrible.
The phantom blinks!
You closely miss the phantom.
You feel like a meek peon again. The phantom hits you.
* * * LOW HITPOINT WARNING * * *
The phantom blinks!
It was a potion of brilliance.
You feel clever all of a sudden.
The phantom blinks!
The phantom blinks!
The phantom blinks!
You barely miss the phantom. The phantom hits you!
You die... ..........#.# .. ........#.#.##...# .#................. ................... ..................
P #....../.........
PP.

#....[)).........
....#....).%W........
##..........@.......
#...................
...#..#####..........
#.. #.......... ##
#..........
###########


You could see a phantom.

Vanquished Creatures
  2 vampire mosquitoes (D:8)
  An orc warrior (D:8)
  2 sky beasts
  A black bear (D:8)
  2 centaurs (D:5)
  3 bullfrogs
  A scorpion (D:3)
  4 crimson imps
  A quasit (D:8)
  2 orc priests
  4 orc wizards
  2 iguanas (D:5)
  3 worker ants (D:4)
  A killer bee zombie (D:8)
  A hound skeleton (D:4)
  2 adders
  2 shadow imps
  2 worms (D:4)
  2 dart slugs
  2 leopard geckos
  18 orcs
  A giant cockroach (D:3)
  2 hobgoblins
  7 jackals (D:2)
  2 quokkas (D:3)
  2 ball pythons
  A bat (D:1)
  3 frilled lizards
  A goblin (D:3)
  A goblin skeleton (D:6)
  A goblin zombie (D:6)
  3 hobgoblin zombies (D:6)
  A jackal skeleton (D:8)
  3 kobolds
  2 kobold skeletons (D:6)
  A kobold zombie (D:6)
  A leopard gecko skeleton (D:8)
  2 orc skeletons (D:6)
  4 rats
96 creatures vanquished.

Notes
Turn   | Place    | Note
-------+----------+-------------------------------------------
     0 | D:1      | COBRA the Minotaur Fighter began the quest for the Orb.
     0 | D:1      | Reached XP level 1. HP: 19/19 MP: 0/0
    47 | D:2      | Reached skill level 3 in Axes
    51 | D:2      | Reached XP level 2. HP: 25/26 MP: 1/1
   141 | D:3      | Found a shadowy altar of Dithmenos.
   145 | D:3      | Reached skill level 4 in Axes
   153 | D:3      | Reached XP level 3. HP: 31/31 MP: 2/2
   323 | D:4      | Reached skill level 5 in Axes
   357 | D:4      | Reached XP level 4. HP: 22/39 MP: 3/3
   365 | D:4      | Found a runed translucent gate.
   366 | D:4      | Found a runed translucent gate.
   367 | D:4      | Found a runed translucent gate.
   369 | D:4      | Noticed a big kobold
   369 | D:4      | Noticed heikuro's ghost (amateur MfGl)
   456 | D:5      | Entered Level 5 of the Dungeon
   459 | D:5      | Found a stormy altar of Qazlal.
   507 | D:3      | Reached skill level 6 in Axes
   543 | D:2      | Reached XP level 5. HP: 26/45 MP: 4/4
   673 | D:4      | Reached skill level 7 in Axes
   787 | D:4      | Found a staircase to the Ecumenical Temple.
   796 | Temple   | Entered the Ecumenical Temple
   952 | D:5      | Reached XP level 6. HP: 21/51 MP: 5/5
   990 | D:5      | Found Afannok's Antique Weapon Shop.
  1184 | D:5      | Reached skill level 8 in Axes
  1275 | D:5      | Reached skill level 9 in Axes
  1275 | D:5      | Reached XP level 7. HP: 12/57 MP: 6/6
  1275 | D:5      | HP: 2/57 [gnoll/+0 spear (6)]
  1369 | D:3      | Gained mutation: You are dopey. (Int -2) [potion of
                  | mutation]
  1369 | D:3      | Gained mutation: Your spells are a little harder to cast,
                  | but a little more powerful. [potion of mutation]
  1369 | D:3      | Gained mutation: You are agile. (Dex +2) [potion of
                  | mutation]
  1630 | D:2      | Found an iron altar of Okawaru.
  1630 | D:2      | Found a shimmering altar of Xom.
  1630 | D:2      | Found a snail-covered altar of Cheibriados.
  1630 | D:2      | Found a stormy altar of Qazlal.
  1638 | D:2      | Became a worshipper of Warmaster Okawaru
  1643 | D:2      | Found a hide-covered altar of Uskayaw.
  1643 | D:2      | Found a basalt altar of Yredelemnul.
  1912 | D:5      | Found a large runed translucent door.
  1913 | D:5      | Found a large runed translucent door.
  1913 | D:5      | Noticed kd29's ghost (novice DrSk)
  1959 | D:6      | Found a glowing golden altar of the Shining One.
  2058 | D:7      | Reached skill level 5 in Fighting
  2169 | D:8      | Noticed a vampire mosquito
  2181 | D:8      | Killed a vampire mosquito
  2181 | D:8      | Reached * piety under Okawaru
  2186 | D:8      | Noticed a vampire mosquito
  2205 | D:8      | Killed a vampire mosquito
  2205 | D:8      | Reached XP level 8. HP: 42/73 MP: 3/8
  2291 | D:8      | Noticed a two-headed ogre
  2388 | D:8      | Found Ruigasai's Jewellery Shop.
  2402 | D:8      | Reached skill level 5 in Invocations
  2428 | D:8      | Slain by a phantom

Levels and vault maps discovered:
D:1:      minmay_arrival_up_and_down, layout_loops_ring,
          nemelex_xobeh_ov_fountains_minmay
D:2:      layout_basic, lemuel_crystal_altar, minmay_overflow_temple_hex,
          first_ration
D:3:      layout_loops_ring, lemuel_doored_altar
D:4:      layout_gridville, minmay_temple_entry_antechambers,
          gammafunk_ghost_nasty_kobolds, gup_sewer_entry_bubbles
D:5:      lemuel_ice_spiral_2, layout_basic, ebering_ghost_disaster_area,
          serial_shops, shop, grunt_qazlal_sundering
D:6:      layout_rooms, nicolae_tso_besieged_by_evil
D:7:      minmay_the_grid_octo_triangle [minmay_the_grid_octo_shrine,
          minmay_the_grid_octo_prize_big_c, minmay_the_grid_octo_clover],
          layout_cave_pools, the_bakery
D:8:      layout_basic, dpeg_oklobed_lair, serial_shops,
          nicolae_shop_behind_doors
D:9:      minmay_octagon_keep, layout_small_grid, uniq_erolcha, uniq_maurice,
          uniq_joseph
Temple:   dshaligram_water_room_temple

Skill      XL: |  1  2  3  4  5  6  7  8 |
---------------+-------------------------+-----
Axes           | 3 4 5 6 7 9 |  9.5
Fighting       | 7 |  7.1
Invocations    | 2 5 |  5.8
Armour         | |  3.6
Shields        | |  3.6

Action                   |  1- 3 |  4- 6 |  7- 9 || total
-------------------------+-------+-------+-------++-------
Melee: War axe           |    57 |    92 |   143 ||   292
       Headbutt          |     8 |    16 |    16 ||    40
Invok: Heroism           |       |       |     4 ||     4
  Use: Scroll            |       |     5 |     2 ||     7
       Potion            |       |     4 |     6 ||    10
  Eat: Chunk             |       |     1 |     4 ||     5
Armor: Scale mail        |    33 |    46 |    78 ||   157
Dodge: Dodged            |    20 |    32 |    52 ||   104
Block: Shield            |    32 |    63 |    95 ||   190

Table legend:
 A = Non-vault XP
 B = Vault XP
 C = Vault XP percentage of total XP
 D = Non-vault monster count
 E = Vault monster count
 F = Vault count percentage of total count
                 A         B        C        D         E       F
            +---------+---------+-------+---------+---------+-------
      Total |    2299 |      21 |   0.9 |      85 |      11 |  11.5
            +---------+---------+-------+---------+---------+-------
        D:1 |       2 |       0 |   0.0 |       2 |       0 |   0.0
        D:2 |      40 |       0 |   0.0 |      17 |       0 |   0.0
        D:3 |     152 |       0 |   0.0 |      15 |       0 |   0.0
        D:4 |     242 |       0 |   0.0 |      20 |       0 |   0.0
        D:5 |     450 |       0 |   0.0 |       8 |       0 |   0.0
        D:6 |      90 |      21 |  18.9 |       1 |      11 |  91.7
        D:7 |     129 |       0 |   0.0 |       1 |       0 |   0.0
        D:8 |    1194 |       0 |   0.0 |      21 |       0 |   0.0
            +---------+---------+-------+---------+---------+-------
